 Dungeon Crawl Stone Soup version 0.29-a0-241-g20d21d4356 (webtiles) character file.

Game seed: 718378232037394676

32 Miranda the Cutter (level 3, 0/23 HPs)
             Began as a Kobold Berserker on Mar 4, 2022.
             Was a Believer of Trog.
             Slain by a worm (3 damage)
             ... on level 2 of the Dungeon.
             The game lasted 00:08:10 (1651 turns).

Miranda the Cutter (Kobold Berserker)               Turns: 1651, Time: 00:08:11

Health: 0/23       AC:  2    Str: 22    XL:     3   Next: 45%
Magic:  3/3        EV: 15    Int:  8    God:    Trog [**....]
Gold:   35         SH:  0    Dex: 14    Spells: 2/2 levels left

rFire   . . .      SeeInvis .   g - +0 long sword
rCold   . . .      Faith    +   (no shield)
rNeg    . . .      Spirit   .   b - +0 animal skin
rPois   .          Reflect  .   (no helmet)
rElec   .          Harm     .   (no cloak)
rCorr   .          Rampage  .   (no gloves)
Will    +....                   (no boots)
Stlth   +++.......              i - amulet of faith
HPRegen 0.07/turn               c - ring of willpower
MPRegen 0.08/turn               j - +6 ring of strength

@: no status effects
A: small, no large weapons, nightstalker 3
a: Renounce Religion, Berserk, Trog's Hand


You were on level 2 of the Dungeon.
You worshipped Trog.
Trog was pleased with you.
You visited 1 branch of the dungeon, and saw 2 of its levels.

You collected 35 gold pieces.

Inventory:

Hand Weapons
 a - a +0 short sword
 d - a +0 mace of holy wrath
 e - a +0 dagger
 g - a +0 long sword (weapon)
Armour
 b - a +0 animal skin (worn)
Jewellery
 c - a ring of willpower (left hand)
 i - an amulet of faith (around neck)
 j - a +6 ring of strength (right hand)
Potions
 f - 2 potions of haste {unknown}


   Skills:
 + Level 3.5 Fighting
 + Level 4.6(4.7) Short Blades
 * Level 0.4(1.8) Long Blades
 + Level 0.5 Maces & Flails
 + Level 1.7 Armour
 + Level 2.6 Dodging
 + Level 1.1 Stealth


You had 2 spell levels left.
You didn't know any spells.
Your spell library was empty.

Dungeon Overview and Level Annotations

Branches:
Dungeon (2/15)

Altars:


Innate Abilities, Weirdness & Mutations

You are small and have problems with some larger weapons.
You are completely attuned to the shadows.


Message History

You hit the worm.
The worm is moderately wounded.
The worm bites you!
* * * LOW HITPOINT WARNING * * *
It was a potion of heal wounds.
You feel much better. The worm barely misses you.
You completely miss the worm.
The worm is lightly wounded.
The worm bites you.
You barely miss the worm. The worm bites you!
You feel stronger.
j - a +6 ring of strength (right hand)
You hit the worm.
The worm is lightly wounded.
The worm bites you.
You hit the worm.
The worm is lightly wounded.
You slash the worm!
The worm is severely wounded.
The worm misses you.
You hit the worm.
The worm is almost dead.
The worm closely misses you.
You hit the worm.
The worm is almost dead.
The worm bites you!
* * * LOW HITPOINT WARNING * * *
You barely miss the worm.
The worm is almost dead.
The worm bites you.
* * * LOW HITPOINT WARNING * * *
You barely miss the worm. You punch the worm.
The worm is almost dead.
You hit the worm but do no damage.
The worm is almost dead.
The worm misses you.
You hit the worm but do no damage.
The worm is almost dead.
The worm bites you.
You die...

#.#........###
#.....#..)...#
#####.#.##.#.#
.....#.##.#.#
......#####.##.#.#
......# #. #.#.#
......# ..#.#
......##########.##
.......w@.........#
.....##############
.....# ..#### ..


You could see a worm.

Vanquished Creatures
  A dart slug (D:1)
  2 ball pythons (D:1)
  3 endoplasms (D:1)
  3 giant cockroaches (D:1)
  5 goblins
  4 hobgoblins
  A kobold (D:1)
  3 bats (D:1)
  3 frilled lizards
  A rat (D:1)
26 creatures vanquished.

Notes
Turn   | Place    | Note
-------+----------+-------------------------------------------
     0 | D:1      | Miranda the Kobold Berserker began the quest for the Orb.
     0 | D:1      | Reached XP level 1. HP: 14/14 MP: 1/1
   383 | D:1      | Reached XP level 2. HP: 19/19 MP: 2/2
   769 | D:1      | Reached XP level 3. HP: 23/23 MP: 3/3
   930 | D:1      | Reached skill level 1 in Stealth
  1492 | D:2      | Reached ** piety under Trog
  1651 | D:2      | Slain by a worm

Illustrated notes

Levels and vault maps discovered:
D:1:      elethiomel_arrival_quiet, layout_loops_corners, hex_tiny,
          palyth_stone_intersect, minmay_liquid_box
D:2:      layout_basic, hellmonk_ecumenical_altar_zigzags

Skill      XL: |  1  2  3 |
---------------+----------+-----
Stealth        | 1 |  1.1
Fighting       | |  3.5
Short Blades   | |  4.6
Long Blades    | |  0.4
Maces & Flails | |  0.5
Armour         | |  1.7
Dodging        | |  2.6

Action                   || total
-------------------------++-------
Melee: Mace              ||    32
       Unarmed           ||     8
       Short sword       ||     3
       Long sword        ||    43
       Punch             ||     1
  Use: Potion            ||     2
 Stab: Sleeping          ||     6
Armor: Animal skin       ||    10
Dodge: Dodged            ||    81

Table legend: (Time is in decaauts)
 A = Elapsed time spent in this place.
 B = Non-inter-level travel time spent in this place.
 C = Inter-level travel time spent in this place.
 D = Time resting spent in this place.
 E = Time spent auto-exploring this place.
 F = Levels seen in this place.
 G = Mean time per level.
                   A        B        C        D        E       F      G
               +--------+--------+--------+--------+--------+-----+--------+
         Total |   1666 |   1617 |     49 |      0 |    985 |   2 |  833.0 |
       Dungeon |   1666 |   1617 |     49 |      0 |    985 |   2 |  833.0 |
               +--------+--------+--------+--------+--------+-----+--------+

Top non-repeatable levels by time:
     D:1: 1406 daAuts
     D:2: 259 daAuts
